 Dungeon Crawl Stone Soup version 0.29-a0-321-gf1c400731a (webtiles) character file.

Game seed: 3497077926664880749

298 kae the Firebug (level 6, -10/35 HPs)
             Began as a Tengu Fire Elementalist on Apr 4, 2022.
             Mangled by a gnoll
             ... wielding a +0 halberd
              (13 damage)
             ... on level 4 of the Dungeon.
             The game lasted 00:03:05 (3644 turns).

kae the Firebug (Tengu Fire Elementalist)           Turns: 3644, Time: 00:03:05

Health: -10/35     AC:  5    Str:  8    XL:     6   Next: 35%
Magic:  7/11       EV: 15    Int: 18    God:
Gold:   111        SH:  0    Dex: 14    Spells: 4/10 levels left

rFire   . . .      SeeInvis .   h - +1 dagger
rCold   . . .      Faith    .   (no shield)
rNeg    . . .      Spirit   .   e - +3 robe of Clouds {*Thunder rCloud rElec}
rPois   .          Reflect  .   (helmet restricted)
rElec   +          Harm     .   (no cloak)
rCorr   .          Rampage  .   (no gloves)
Will    .....                   (boots unavailable)
Stlth   ++........              (no amulet)
HPRegen 0.11/turn               (no ring)
MPRegen 0.12/turn               (no ring)

@: flying quickly and evasively, quick
A: beak, talons 3, nimble flight
a: no special abilities


You were on level 4 of the Dungeon.
You visited 1 branch of the dungeon, and saw 4 of its levels.

You collected 111 gold pieces.

Inventory:

Hand Weapons
 h - a +1 dagger (weapon)
Missiles
 m - 2 throwing nets
Armour
 a - a +1 robe
 e - the +3 robe of Clouds (worn) {*Thunder rCloud rElec}
   (You found it on level 2 of the Dungeon)

   It occasionally creates storm clouds above nearby enemies.
   It grants its wearer immunity to clouds.
   rElec:     It insulates you from electricity.
Wands
 k - a wand of paralysis (9)
Scrolls
 d - 2 scrolls of vulnerability
 f - a scroll of amnesia
Potions
 b - a potion of magic
 c - a potion of ambrosia
 g - 2 potions of curing
 i - a potion of brilliance {unknown}
 j - 2 potions of mutation {unknown}
 l - a potion of flight {unknown}


   Skills:
 + Level 2.0 Fighting
 + Level 2.2 Armour
 + Level 3.2 Dodging
 - Level 2.0 Stealth
 + Level 2.8 Spellcasting
 + Level 3.2 Conjurations
 * Level 4.9 Fire Magic


You had 4 spell levels left.
You knew the following spells:

 Your Spells              Type           Power      Damage    Failure   Level
a - Foxfire               Conj/Fire      68%        2x1d7     3%          1
b - Scorch                Fire           40%        2d7       3%          2
c - Conjure Flame         Conj/Fire      17%        6-21      10%         3

Your spell library contained the following spells:

 Spells                   Type           Power      Damage    Failure   Level
 Apportation              Tloc           4%         N/A       17%         1
 Inner Flame              Hex/Fire       11%        N/A       19%         3
 Sublimation of Blood     Necr           2%         N/A       26%         2
 Wereblood                Tmut           2%         N/A       26%         2
 Flame Wave               Conj/Fire      17%        2d6       30%         4
 Alistair's Intoxication  Tmut/Pois      1%         N/A       99%         5
 Summon Hydra             Summ           1%         N/A       100%        7


Dungeon Overview and Level Annotations

Branches:
Dungeon (4/15)
 Temple: D:4-7

Altars:
Trog

Annotations:
D:4 1 transporter


Innate Abilities, Weirdness & Mutations

You have a beak for a mouth.
You have claws for feet.
Your magical nature lets you fly swiftly and evasively.


Message History

The phantom is heavily damaged.
The phantom's fire resistance burns away.
The phantom misses you.
The phantom hits you but does no damage.
The phantom hits you. x2; The phantom blinks!
You blink.
You barely miss the phantom. You claw the phantom.
The phantom is severely damaged.
Storm clouds gather above the phantom.
The phantom closely misses you.
You hit the phantom. Your kick misses the phantom.
You peck the phantom, but do no damage.
The phantom is almost destroyed.
The ball python bites you but does no damage.
The ball python grabs you. The ball python constricts you.
The gnoll closely misses you. The phantom hits you.
The phantom blinks!
You blink.
The ball python loses its grip on you.
Found a transporter.
You closely miss the phantom. You claw the phantom.
You destroy the phantom!
Your Fighting skill increases to level 2!
You closely miss the gnoll.
The phantom is no longer more vulnerable to fire.
The gnoll hits you with a +0 spear. The gnoll barely misses you.
You are too injured to fight recklessly!
The gnoll hits you with a +0 spear. The gnoll closely misses you.
The gnoll hits you from afar with a +0 spear.
The gnoll hits you with a +0 halberd!
* * * LOW HITPOINT WARNING * * *
The ball python attacks as you move away!
The ball python misses you. The ball python closely misses you.
Storm clouds gather above the ball python.
The gnoll hits you with a +0 halberd.
* * * LOW HITPOINT WARNING * * *
It was a potion of curing.
You feel better.
Storm clouds gather above the gnoll. x2
The gnoll hits you from afar with a +0 spear.
* * * LOW HITPOINT WARNING * * *
The ball python closely misses you. The ball python misses you.
The gnoll hits you with a +0 halberd.
* * * LOW HITPOINT WARNING * * *
The gnoll hits you from afar with a +0 halberd!
You die...

..## #............#
..... #..........#
.....####..........#
#...........######
..#...........########
....$..................
..........†...#.........
...........<............
...........@...#........
............S..#........
...........Wgg.[........
..######...g.§..........
.. #####......§§........
#.........(..........
#.§≈≈≈≈≈≈............
#...≈≈≈≈≈≈...........
#.8...._≈≈...........


You could see a phantom, 3 gnolls and a ball python.

Vanquished Creatures
  A phantom (D:4)
  A hound (D:3)
  Jessica (D:2)
  An iguana (D:4)
  Natasha (thrice) (D:2)
  A gnoll (D:3)
  An adder (D:3)
  A worm (D:2)
  2 dart slugs
  2 ball pythons
  6 endoplasms
  3 giant cockroaches (D:1)
  4 goblins
  4 hobgoblins (D:1)
  3 quokkas
  5 frilled lizards
  7 kobolds
  8 rats
54 creatures vanquished.

Vanquished Creatures (others)
  162 foxfires
162 creatures vanquished.

Grand Total: 216 creatures vanquished

Notes
Turn   | Place    | Note
-------+----------+-------------------------------------------
     0 | D:1      | kae the Tengu Fire Elementalist began the quest for the
                  | Orb.
     0 | D:1      | Reached XP level 1. HP: 10/10 MP: 4/4
   159 | D:1      | Found a faded altar of an unknown god.
   197 | D:1      | Reached XP level 2. HP: 15/15 MP: 4/6
  1130 | D:1      | Reached XP level 3. HP: 20/20 MP: 5/7
  1133 | D:1      | Learned a level 2 spell: Scorch
  1210 | D:1      | Learned a level 3 spell: Conjure Flame
  1389 | D:2      | Noticed Natasha
  1400 | D:2      | Killed Natasha
  1401 | D:2      | Reached skill level 1 in Fighting
  1401 | D:2      | Reached skill level 1 in Armour
  1407 | D:2      | Noticed Natasha
  1730 | D:2      | Killed Natasha
  1731 | D:2      | Reached skill level 4 in Fire Magic
  1731 | D:2      | Reached XP level 4. HP: 25/25 MP: 5/8
  1915 | D:2      | Noticed Natasha
  1918 | D:2      | Killed Natasha
  2250 | D:2      | Gained mutation: Your magical nature lets you fly swiftly
                  | and evasively. [Tengu growth]
  2250 | D:2      | Reached XP level 5. HP: 29/29 MP: 6/9
  2304 | D:2      | Found the +3 robe of Clouds {*Thunder rCloud rElec}
  2356 | D:2      | Noticed Jessica
  2362 | D:2      | Killed Jessica
  3566 | D:4      | Noticed a phantom
  3582 | D:3      | Reached XP level 6. HP: 31/35 MP: 5/11
  3626 | D:4      | Found a bloodstained altar of Trog.
  3635 | D:4      | Found a transporter.
  3644 | D:4      | Mangled by a gnoll

Illustrated notes

Levels and vault maps discovered:
D:1:      lemuel_arrival_cross, layout_basic, basic_ecumenical_altar,
          grunt_decor_mini_mirrors
D:2:      minmay_inner_zag, layout_basic, uniq_jessica, uniq_natasha
D:3:      layout_loops_corners
D:4:      layout_rooms, mainiacjoe_overflow_catwalk,
          gammafunk_temple_of_torment, st_stairs_8,
          corexii_item_surrounded_by_moat, minivault_1, uniq_duvessa

Skill      XL: |  1  2  3  4  5  6 |
---------------+-------------------+-----
Fighting       | 1 2 |  2.0
Armour         | 1 2 |  2.2
Conjurations   | 2 3 |  3.2
Fire Magic     | 4 |  4.9
Dodging        | 3 |  3.2
Stealth        | |  2.0
Spellcasting   | |  2.8

Action                   |  1- 3 |  4- 6 || total
-------------------------+-------+-------++-------
Melee: Unarmed           |    15 |       ||    15
       Peck              |     6 |     3 ||     9
       Kick              |     5 |    10 ||    15
       Dagger            |     6 |    27 ||    33
 Cast: Foxfire           |    57 |    48 ||   105
       Scorch            |       |     7 ||     7
  Use: Scroll            |     7 |     4 ||    11
       Potion            |       |     1 ||     1
 Stab: Distracted        |       |     1 ||     1
Armor: Robe              |     3 |    10 ||    13
Dodge: Dodged            |    28 |    45 ||    73

Table legend: (Time is in decaauts)
 A = Elapsed time spent in this place.
 B = Non-inter-level travel time spent in this place.
 C = Inter-level travel time spent in this place.
 D = Time resting spent in this place.
 E = Time spent auto-exploring this place.
 F = Levels seen in this place.
 G = Mean time per level.
                   A        B        C        D        E       F      G
               +--------+--------+--------+--------+--------+-----+--------+
         Total |   3559 |   3461 |     98 |     71 |   2917 |   4 |  889.8 |
       Dungeon |   3559 |   3461 |     98 |     71 |   2917 |   4 |  889.8 |
               +--------+--------+--------+--------+--------+-----+--------+

Top non-repeatable levels by time:
     D:2: 1380 daAuts
     D:1: 1230 daAuts
     D:3: 865 daAuts
     D:4: 83 daAuts
